TOP OF THE 1ST |
University of Virginia Cavaliers batting - Pitching for University of Georgia Bulldogs : LHP Danny Montoya
|
Pitching: LHP Danny Montoya
|
|
Batting: LHB Eustachio Bontempi
|
0-0: Ball 1-0: Ball 2-0: Foul Ball, location: 2F 2-1: Ball 3-1: Called Strike 3-2: Strikes out swinging
|
Batting: RHB Jason Thresher
|
0-0: Foul Ball, location: 2F 0-1: Swinging Strike 0-2: Ball 1-2: Ground out 6-3 (Groundball, 56, EV 110.0 MPH)
|
Batting: RHB Scott Anderson
|
0-0: Foul Ball, location: 2F 0-1: Ball 1-1: Ball 2-1: Swinging Strike 2-2: Foul Ball, location: 2F 2-2: Ball 3-2: Base on Balls
|
Batting: LHB Edelberto Barbas
|
0-0: Ball Scott Anderson steals 2nd base (no throw) 1-0: Foul Ball, location: 2F 1-1: Foul Ball, location: 2F 1-2: Ball 2-2: Foul Ball, location: 2F 2-2: Ball 3-2: Foul Ball, location: 2F 3-2: Foul Ball, location: 2F 3-2: SINGLE (Line Drive, 8LS, EV 90.6 MPH) Scott Anderson to third Throwing error, E8 Scott Anderson scores Edelberto Barbas to second
|
Batting: RHB Rob Coble
|
0-0: Called Strike 0-1: Foul Ball, location: 2F 0-2: Strikes out swinging
|
Top of the 1st over - 1 run, 1 hit, 1 error, 1 left on base; University of Virginia 1 - University of Georgia 0 |
BOTTOM OF THE 1ST |
University of Georgia Bulldogs batting - Pitching for University of Virginia Cavaliers : RHP Salvo Botticelli
|
Pitching: RHP Salvo Botticelli
|
|
Batting: LHB Sloan Rayner
|
0-0: Ball 1-0: Foul Ball, location: 2F 1-1: Ball 2-1: Ball 3-1: Base on Balls
|
Batting: RHB James Warby
|
0-0: Foul Ball, location: 2F 0-1: Fly out, F7 (Flyball, 7, EV 88.1 MPH)
|
Batting: LHB Cole Sanchez
|
0-0: SINGLE (Groundball, 4D, EV 95.0 MPH) Sloan Rayner to second Runner from 2nd tries for 3rd, SAFE, throw by CF made to third Cole Sanchez to second
|
Batting: RHB Joe Strong
|
0-0: Called Strike 0-1: Ball 1-1: Foul Ball, location: 2F 1-2: Ball 2-2: Foul Ball, location: 2F 2-2: Foul Ball, location: 2F 2-2: Ball 3-2: Fly out, F8 (Flyball, 8LM, EV 95.0 MPH) Runner from 3rd tags up, SCORES, throw by CF
|
Batting: LHB Andy Dyer
|
0-0: Ball 1-0: Ground out 6-3 (Groundball, 56, EV 80.0 MPH)
|
Bottom of the 1st over - 1 run, 1 hit, 0 errors, 1 left on base; University of Virginia 1 - University of Georgia 1 |
TOP OF THE 2ND |
University of Virginia Cavaliers batting - Pitching for University of Georgia Bulldogs : LHP Danny Montoya
|
Batting: LHB Josh Doan
|
0-0: Called Strike 0-1: Ball 1-1: Swinging Strike 1-2: Strikes out swinging
|
Batting: LHB Ray Nichter
|
0-0: Called Strike 0-1: Ball 1-1: Swinging Strike 1-2: Ball 2-2: Ball 3-2: Base on Balls
|
Batting: RHB Allen McCaskill
|
0-0: Swinging Strike 0-1: Foul Ball, location: 2F 0-2: Ball Ray Nichter steals 2nd base 1-2: Foul Ball, location: 2F 1-2: Foul Ball, location: 2F 1-2: Ball 2-2: Foul Ball, location: 2F 2-2: Foul Ball, location: 2F 2-2: Foul Ball, location: 2F 2-2: Fly out, F8 (Line Drive, 8RM, EV 92.5 MPH)
|
Batting: SHB Ethan Lewis
|
0-0: Ball 1-0: Called Strike 1-1: Swinging Strike 1-2: Ball 2-2: Strikes out swinging
|
Top of the 2nd over - 0 runs, 0 hits, 0 errors, 1 left on base; University of Virginia 1 - University of Georgia 1 |
BOTTOM OF THE 2ND |
University of Georgia Bulldogs batting - Pitching for University of Virginia Cavaliers : RHP Salvo Botticelli
|
Batting: LHB Luis Mejia
|
0-0: Ball 1-0: Fly out, F6 (Popup, 6MS, EV 80.0 MPH)
|
Batting: LHB Bryan Ross
|
0-0: Foul Ball, location: 2F 0-1: Swinging Strike 0-2: Ground out U3 (Groundball, 3, EV 106.2 MPH)
|
Batting: RHB Jeff Wornick
|
0-0: Ball 1-0: Called Strike 1-1: Ball 2-1: Swinging Strike 2-2: Ground out 5-3 (Groundball, 56, EV 100.0 MPH)
|
Bottom of the 2nd over - 0 runs, 0 hits, 0 errors, 0 left on base; University of Virginia 1 - University of Georgia 1 |
TOP OF THE 3RD |
University of Virginia Cavaliers batting - Pitching for University of Georgia Bulldogs : LHP Danny Montoya
|
Batting: LHB Eustachio Bontempi
|
0-0: Ball 1-0: Ball 2-0: Called Strike 2-1: Fly out, F8 (Flyball, 78M, EV 76.2 MPH)
|
Batting: RHB Jason Thresher
|
0-0: Swinging Strike 0-1: Ball 1-1: Foul Ball, location: 2F 1-2: Ball 2-2: Fly out, F9 (Flyball, 9LD, EV 96.9 MPH)
|
Batting: RHB Scott Anderson
|
0-0: Ball 1-0: Ball 2-0: Ground out 5-3 (Groundball, 56, EV 103.1 MPH)
|
Top of the 3rd over - 0 runs, 0 hits, 0 errors, 0 left on base; University of Virginia 1 - University of Georgia 1 |
BOTTOM OF THE 3RD |
University of Georgia Bulldogs batting - Pitching for University of Virginia Cavaliers : RHP Salvo Botticelli
|
Batting: LHB Edwin Zavala
|
0-0: Fly out, F7 (Line Drive, 7, EV 90.6 MPH)
|
Batting: LHB Sloan Rayner
|
0-0: Foul Ball, location: 2F 0-1: Fly out, F9 (Line Drive, 9S, EV 90.0 MPH)
|
Batting: RHB James Warby
|
0-0: Swinging Strike 0-1: Ball 1-1: Ball 2-1: Foul Ball, location: 2F 2-2: Foul Ball, location: 2F 2-2: SINGLE (Groundball, 4MD, EV 98.8 MPH)
|
Batting: LHB Cole Sanchez
|
0-0: Ball 1-0: SINGLE (Groundball, 4MD, EV 106.2 MPH) James Warby to second Runner from 2nd tries for 3rd, SAFE, throw by CF made to third
|
Batting: RHB Joe Strong
|
0-0: Foul Ball, location: 2F 0-1: Fielders Choice at 2nd, U4 (Groundball, 4M, EV 85.0 MPH)
|
Bottom of the 3rd over - 0 runs, 2 hits, 0 errors, 2 left on base; University of Virginia 1 - University of Georgia 1 |
TOP OF THE 4TH |
University of Virginia Cavaliers batting - Pitching for University of Georgia Bulldogs : LHP Danny Montoya
|
Batting: LHB Edelberto Barbas
|
0-0: Ball 1-0: Called Strike 1-1: Ground out 4-3 (Groundball, 4, EV 104.4 MPH)
|
Batting: RHB Rob Coble
|
0-0: Called Strike 0-1: Ball 1-1: Foul Ball, location: 2F 1-2: Ball 2-2: Strikes out swinging
|
Batting: LHB Josh Doan
|
0-0: Ground out 6-3 (Groundball, 6, EV 99.4 MPH)
|
Top of the 4th over - 0 runs, 0 hits, 0 errors, 0 left on base; University of Virginia 1 - University of Georgia 1 |
BOTTOM OF THE 4TH |
University of Georgia Bulldogs batting - Pitching for University of Virginia Cavaliers : RHP Salvo Botticelli
|
Batting: LHB Andy Dyer
|
0-0: Foul Ball, location: 2F 0-1: Swinging Strike 0-2: Foul Ball, location: 2F 0-2: Strikes out swinging
|
Batting: LHB Luis Mejia
|
0-0: TRIPLE (Groundball, 3L, EV 105.0 MPH)
|
Batting: LHB Bryan Ross
|
0-0: Ground out 6-3 (Groundball, 6S, EV 69.4 MPH) Luis Mejia scores
|
Batting: RHB Jeff Wornick
|
0-0: Ball 1-0: Swinging Strike 1-1: Called Strike 1-2: Foul Ball, location: 2F 1-2: Strikes out swinging
|
Bottom of the 4th over - 1 run, 1 hit, 0 errors, 0 left on base; University of Virginia 1 - University of Georgia 2 |
TOP OF THE 5TH |
University of Virginia Cavaliers batting - Pitching for University of Georgia Bulldogs : LHP Danny Montoya
|
Batting: LHB Ray Nichter
|
0-0: Ball 1-0: Foul Ball, location: 2F 1-1: Foul Ball, location: 2F 1-2: Ball 2-2: Foul Ball, location: 2F 2-2: Strikes out looking
|
Pitching: LHP Aloiki Orana
|
|
Batting: RHB Allen McCaskill
|
0-0: Ball 1-0: Foul Ball, location: 2F 1-1: Ball 2-1: Foul Ball, location: 2F 2-2: Ball 3-2: Strikes out swinging
|
Batting: SHB Ethan Lewis
|
0-0: Called Strike 0-1: Ball 1-1: Swinging Strike 1-2: Strikes out swinging
|
Top of the 5th over - 0 runs, 0 hits, 0 errors, 0 left on base; University of Virginia 1 - University of Georgia 2 |
BOTTOM OF THE 5TH |
University of Georgia Bulldogs batting - Pitching for University of Virginia Cavaliers : RHP Salvo Botticelli
|
Batting: LHB Edwin Zavala
|
0-0: Called Strike 0-1: Swinging Strike 0-2: Strikes out looking
|
Batting: LHB Sloan Rayner
|
0-0: Ball 1-0: SINGLE (Line Drive, 8LS, EV 96.2 MPH)
|
Batting: RHB James Warby
|
0-0: Called Strike Sloan Rayner is caught stealing 2nd base 2-4 0-1: Ball 1-1: Foul Ball, location: 2F 1-2: Foul Ball, location: 2F 1-2: Ground out 5-3 (Groundball, 56S, EV 85.6 MPH)
|
Bottom of the 5th over - 0 runs, 1 hit, 0 errors, 0 left on base; University of Virginia 1 - University of Georgia 2 |
TOP OF THE 6TH |
University of Virginia Cavaliers batting - Pitching for University of Georgia Bulldogs : LHP Aloiki Orana
|
Batting: LHB Eustachio Bontempi
|
0-0: Ball 1-0: Foul Ball, location: 2F 1-1: Fly out, F2 (Popup, 15S, EV 86.2 MPH)
|
Batting: RHB Jason Thresher
|
0-0: DOUBLE (Line Drive, 89D, EV 104.4 MPH)
|
Batting: RHB Scott Anderson
|
0-0: Foul Ball, location: 2F 0-1: Foul Ball, location: 2F 0-2: Ball 1-2: Foul Ball, location: 2F 1-2: Ball 2-2: Ball 3-2: Base on Balls
|
Batting: LHB Edelberto Barbas
|
0-0: Ball 1-0: Foul Ball, location: 2F 1-1: Foul Ball, location: 2F 1-2: Foul Ball, location: 2F 1-2: Ball 2-2: Foul Ball, location: 2F 2-2: Strikes out looking
|
Batting: RHB Rob Coble
|
0-0: Ball 1-0: Foul Ball, location: 2F 1-1: Ball 2-1: Swinging Strike 2-2: Strikes out swinging
|
Top of the 6th over - 0 runs, 1 hit, 0 errors, 2 left on base; University of Virginia 1 - University of Georgia 2 |
BOTTOM OF THE 6TH |
University of Georgia Bulldogs batting - Pitching for University of Virginia Cavaliers : RHP Salvo Botticelli
|
Batting: LHB Cole Sanchez
|
0-0: Foul Ball, location: 2F 0-1: Foul Ball, location: 2F 0-2: Ball 1-2: Ball 2-2: Foul Ball, location: 2F 2-2: Ball 3-2: DOUBLE (Groundball, 5L, EV 98.8 MPH)
|
Batting: RHB Joe Strong
|
0-0: Ball 1-0: SINGLE (Groundball, 6D, EV 104.4 MPH) Cole Sanchez to third
|
Batting: LHB Andy Dyer
|
0-0: Reached on error, E4 (Groundball, 4, EV 91.9 MPH) Cole Sanchez scores Joe Strong to second
|
Batting: LHB Luis Mejia
|
0-0: Ball 1-0: Ball 2-0: Ball 3-0: Base on Balls Joe Strong to third Andy Dyer to second
|
Pitching: RHP Jayden Johnson
|
|
Batting: LHB Bryan Ross
|
0-0: Fly out, F7 (Line Drive, 78D, EV 93.8 MPH) Runner from 3rd tags up, SCORES, no throw by LF
|
Batting: RHB Jeff Wornick
|
0-0: Called Strike 0-1: Foul Ball, location: 2F 0-2: Ball 1-2: Ball 2-2: Strikes out looking
|
Batting: LHB Edwin Zavala
|
0-0: Ball 1-0: Foul Ball, location: 2F 1-1: Ball 2-1: Called Strike 2-2: Foul Ball, location: 2F 2-2: Strikes out swinging
|
Bottom of the 6th over - 2 runs, 2 hits, 1 error, 2 left on base; University of Virginia 1 - University of Georgia 4 |
TOP OF THE 7TH |
University of Virginia Cavaliers batting - Pitching for University of Georgia Bulldogs : LHP Aloiki Orana
|
Pitching: LHP Marty Sadler
|
|
Batting: LHB Josh Doan
|
0-0: Ball 1-0: Called Strike 1-1: Swinging Strike 1-2: Ball 2-2: Strikes out swinging
|
Batting: LHB Ray Nichter
|
0-0: Called Strike 0-1: Foul Ball, location: 2F 0-2: Ball 1-2: Strikes out swinging
|
Batting: RHB Allen McCaskill
|
0-0: Ball 1-0: Swinging Strike 1-1: Called Strike 1-2: Strikes out swinging
|
Top of the 7th over - 0 runs, 0 hits, 0 errors, 0 left on base; University of Virginia 1 - University of Georgia 4 |
BOTTOM OF THE 7TH |
University of Georgia Bulldogs batting - Pitching for University of Virginia Cavaliers : RHP Jayden Johnson
|
Batting: LHB Sloan Rayner
|
0-0: Called Strike 0-1: Fly out, F8 (Flyball, 8RD, EV 86.9 MPH)
|
Batting: RHB James Warby
|
0-0: Ball 1-0: Foul Ball, location: 2F 1-1: Foul Ball, location: 2F 1-2: SINGLE (Flyball, 6D, EV 88.8 MPH)
|
Batting: LHB Cole Sanchez
|
0-0: Called Strike 0-1: Foul Ball, location: 2F 0-2: Ball 1-2: Strikes out swinging
|
Batting: RHB Joe Strong
|
0-0: Called Strike James Warby is caught stealing 2nd base 2-4
|
Bottom of the 7th over - 0 runs, 1 hit, 0 errors, 0 left on base; University of Virginia 1 - University of Georgia 4 |
TOP OF THE 8TH |
University of Virginia Cavaliers batting - Pitching for University of Georgia Bulldogs : LHP Marty Sadler
|
Batting: SHB Ethan Lewis
|
0-0: Called Strike 0-1: Ball 1-1: Swinging Strike 1-2: Ball 2-2: Ball 3-2: Base on Balls
|
Batting: LHB Eustachio Bontempi
|
0-0: Ball 1-0: Swinging Strike 1-1: Foul Ball, location: 2F 1-2: Foul Ball, location: 2F 1-2: Strikes out swinging
|
Batting: RHB Jason Thresher
|
0-0: Called Strike 0-1: Ground out 5-3 (Groundball, 56S, EV 64.4 MPH) Ethan Lewis to second
|
Batting: RHB Scott Anderson
|
0-0: Ball 1-0: Foul Ball, location: 2F 1-1: DOUBLE (Flyball, 7D, EV 97.5 MPH) Ethan Lewis scores
|
Batting: LHB Edelberto Barbas
|
0-0: Called Strike 0-1: Ball 1-1: Ball 2-1: DOUBLE (Flyball, 8RXD, EV 107.5 MPH) Scott Anderson scores
|
Pitching: RHP Jesse Moritz
|
|
Batting: RHB Rob Coble
|
0-0: Foul Ball, location: 2F 0-1: Ball 1-1: Ball 2-1: Called Strike 2-2: Strikes out swinging
|
Top of the 8th over - 2 runs, 2 hits, 0 errors, 1 left on base; University of Virginia 3 - University of Georgia 4 |
BOTTOM OF THE 8TH |
University of Georgia Bulldogs batting - Pitching for University of Virginia Cavaliers : RHP Jayden Johnson
|
Pitching: RHP Tzu-jao Chen
|
|
Batting: RHB Joe Strong
|
0-0: Called Strike 0-1: Ball 1-1: Ball 2-1: Foul Ball, location: 2F 2-2: Strikes out swinging
|
Batting: LHB Andy Dyer
|
0-0: Fly out, F8 (Flyball, 8RXD, EV 80.0 MPH)
|
Batting: LHB Luis Mejia
|
0-0: Foul Ball, location: 2F 0-1: Ball 1-1: Ball 2-1: Ball 3-1: Called Strike 3-2: Strikes out looking
|
Bottom of the 8th over - 0 runs, 0 hits, 0 errors, 0 left on base; University of Virginia 3 - University of Georgia 4 |
TOP OF THE 9TH |
University of Virginia Cavaliers batting - Pitching for University of Georgia Bulldogs : RHP Jesse Moritz
|
Pitching: RHP Guo Tien
|
|
Batting: LHB Josh Doan
|
0-0: Ground out 5-3 (Groundball, 5, EV 82.5 MPH)
|
Batting: LHB Ray Nichter
|
0-0: Called Strike 0-1: Called Strike 0-2: Strikes out swinging
|
Batting: RHB Allen McCaskill
|
0-0: Called Strike 0-1: Ball 1-1: Ball 2-1: SINGLE (Groundball, 34D, EV 104.4 MPH)
|
Batting: SHB Ethan Lewis
|
0-0: Ball 1-0: Foul Ball, location: 2F 1-1: Foul Ball, location: 2F 1-2: Ball 2-2: Foul Ball, location: 2F 2-2: Ball 3-2: Base on Balls Allen McCaskill to second
|
Batting: LHB Eustachio Bontempi
|
0-0: Ball 1-0: Ball 2-0: Foul Ball, location: 2F 2-1: Called Strike 2-2: Ball 3-2: Base on Balls Allen McCaskill to third Ethan Lewis to second
|
Pinch Hitting: RHB Leo Baxter
|
0-0: Called Strike 0-1: Swinging Strike 0-2: Strikes out swinging
|
Top of the 9th over - 0 runs, 1 hit, 0 errors, 3 left on base; University of Virginia 3 - University of Georgia 4 |
|